 Dungeon Crawl Stone Soup version 0.11.3 (console) character file.

1996 Lightli the Thaumaturge (level 8, -2/43 HPs)
             Began as a Deep Elf Stalker on July 3, 2022.
             Was a Believer of Vehumet.
             Slain by Erolcha
             ... wielding a +0,+2 great mace
              (20 damage)
             ... on Level 8 of the Dungeon.
             The game lasted 00:26:41 (9591 turns).

Lightli the Thaumaturge (Deep Elf Stalker)          Turns: 9591, Time: 00:26:41

HP  -2/43        AC  7     Str  7      XL: 8   Next: 62%
MP  20/26        EV 12     Int 20      God: Vehumet [**....]
Gold 412         SH  0     Dex 16      Spells:  3 memorised, 18 levels left

Res.Fire  : + . .   See Invis. : .   a - +3 elf dagger {=f}
Res.Cold  : . . .   Warding    : .   J - +1 orc leather armour {rPois}
Life Prot.: . . .   Conserve   : +   (no shield)
Res.Poison: +       Res.Corr.  : .   B - +0 golden helmet
Res.Elec. : .       Clarity    : .   E - +1 dwarf cloak
Sust.Abil.: . .     Spirit.Shd : .   (no gloves)
Res.Mut.  : .       Stasis     : .   (no boots)
Res.Rott. : .       Ctrl.Telep.: .   b - amulet of conservation
Saprovore : . . .   Levitation : .   p - ring of sustenance Ctrl.Flight: .
                                     v - cursed ring of protection from fire {unkno

@: somewhat resistant to hostile enchantments, fairly stealthy
A: no striking features
a: Renounce Religion


You were on level 8 of the Dungeon.
You worshipped Vehumet.
Vehumet was most pleased with you.
You were hungry.

You visited 2 branches of the dungeon, and saw 9 of its levels.
You also visited: Ossuary.

You collected 516 gold pieces.
You spent 124 gold pieces at shops.

Inventory:

Hand weapons
 a - a +3,+3 elven dagger (weapon) {=f}
 x - a cursed +2,+2 quarterstaff of chaos
Armour
 B - a +0 golden helmet (worn)
 E - a +1 dwarven cloak (worn)
 J - a +1 orcish leather armour of poison resistance (worn)
Magical devices
 F - a wand of paralysis (8)
Scrolls
 c - a scroll of curse armour {unknown}
 g - 2 scrolls of recharging
 i - a scroll of enchant armour {unknown}
 j - a scroll of enchant weapon I
 k - 5 scrolls of teleportation
 l - a scroll of fog
 q - a scroll of enchant weapon II
 s - a scroll of fear
 t - 8 scrolls of remove curse
 y - a scroll of amnesia
 C - a scroll of random uselessness {unknown}
 I - a scroll of curse weapon {unknown}
 M - a scroll of identify
Jewellery
 b - an amulet of conservation (around neck)
 p - a ring of sustenance (right hand)
 v - a cursed ring of protection from fire (left hand) {unknown}
Potions
 e - 2 potions of confusion
 f - a potion of paralysis
 h - 3 potions of speed
 m - a potion of water
 n - 5 potions of poison
 o - a potion of agility {unknown}
 r - 2 potions of brilliance
 u - 5 potions of heal wounds {unknown}
 w - a potion of might {unknown}
 z - a potion of gain intelligence {unknown}
 A - a potion of magic {unknown}
 D - 5 potions of curing
 G - a potion of invisibility {unknown}
 H - 2 potions of mutation {unknown}
Books
 d - a book of Stalking

   Spells                             Type                      Level
   *Fulsome Distillation              Transmutation/Necromancy     1
   *Evaporate                         Fire/Transmutation           2
   Passwall                           Transmutation/Earth          3
   *Petrify                           Transmutation/Earth          4
   Dig                                Transmutation/Earth          4
 K - Sif Muna's Reference Book on Attacks
   (You acquired it on level 8 of the Dungeon)

   Spells                             Type                      Level
   Sting                              Conjuration/Poison           1
   Magic Dart                         Conjuration                  1
   Iskenderun's Mystic Blast          Conjuration                  4
   Iron Shot                          Conjuration/Earth            6
   Orb of Destruction                 Conjuration                  7


   Skills:
 - Level 0.7 Fighting
 - Level 1.0 Short Blades
 - Level 2.4 Dodging
 - Level 2.4 Stealth
 - Level 5.2 Stabbing
 + Level 9.2 Spellcasting
 - Level 5.0 Transmutations
 - Level 5.0 Earth Magic


You had 18 spell levels left.
You knew the following spells:

 Your Spells              Type           Power        Failure   Level  Hunger
a - Fulsome Distillation  Trmt/Necr      N/A          3%          1    None
b - Evaporate             Fire/Trmt      ####...      6%          2    None
c - Petrify               Trmt/Erth      #####....    14%         4    ###....


Dungeon Overview and Level Annotations

Branches:
Dungeon (8/27)             Temple (1/1) D:5
    Orc: D:6-11        Lair: D:8-13

Altars:
Ashenzari
Elyvilon
Makhleb
Nemelex Xobeh
Vehumet
Xom
Yredelemnul
Zin
the Shining One
Jiyva

Shops:
D:6: % D:7: *

Annotations
D:4 Lightli's ghost, average DESt
D:8 Erolcha


Message History

You hit the iguana zombie. You hit the iguana zombie.
The iguana zombie is no longer petrified.
The iguana zombie closely misses you.
You hit the iguana zombie. The iguana zombie barely misses you.
You hit the iguana zombie.
You hit the iguana zombie but do no damage.
The iguana zombie bites you.
You barely miss the iguana zombie. The iguana zombie closely misses you.
You hit the iguana zombie.
The iguana zombie completely misses you.
You hit the iguana zombie. The iguana zombie bites you.
You hit the iguana zombie. You hit the iguana zombie.
You destroy the iguana zombie!
Vehumet accepts your kill.
Erolcha comes into view.
She is wielding a great mace.
Erolcha shouts!
Erolcha hits you with a great mace!
You die...

########################
........................
........................
.........................
........@.....).......>..
.......O.................
......############.....<
...... #...... .....
#...... .... #...... ..
#...... . #...... #......


You could see Erolcha.

Vanquished Creatures
  A centaur (D:6)
  2 ogres
  A giant frog (D:6)
  A water moccasin skeleton (D:5)
  7 wights
  2 jellyfish (D:8)
  5 crimson imps
  A goliath beetle (D:3)
  An orc priest (D:7)
  Crazy Yiuf (D:2)
  A hound (D:7)
  A scorpion (D:2)
  7 worker ants
  4 orc wizards
  A worker ant zombie (D:7)
  A jelly (D:7)
  10 mummies (Ossuary)
  4 gnolls (D:7)
  6 adders
  A giant mite (D:6)
  An iguana zombie (D:8)
  An inept item mimic (Ossuary)
  An adder skeleton (D:3)
  A worm (D:2)
  A giant eyeball (D:6)
  2 gnoll zombies (Ossuary)
  6 giant geckos
  3 oozes
  12 orcs
  10 bats
  4 giant cockroaches
  15 hobgoblins
  10 jackals
  2 ball pythons
  A giant gecko skeleton (D:3)
  7 giant newts
  8 goblins
  3 hobgoblin zombies
  19 kobolds
  6 orc zombies
  9 rats
  A rat zombie (D:7)
  2 ballistomycetes (D:8)
183 creatures vanquished.

Vanquished Creatures (others)
  A worker ant (D:7)
  A giant spore (D:8)
  8 toadstools
10 creatures vanquished.

Grand Total: 193 creatures vanquished

Notes
Turn   | Place    | Note
--------------------------------------------------------------
     0 | D:1      | Lightli, the Deep Elf Stalker, began the quest for the Orb.
     0 | D:1      | Reached XP level 1. HP: 12/12 MP: 2/2
   219 | D:1      | Reached XP level 2. HP: 16/16 MP: 5/5
   240 | D:1      | Reached skill level 3 in Spellcasting
   873 | D:2      | Learned a level 2 spell: Evaporate
   883 | D:2      | Reached skill level 4 in Spellcasting
   883 | D:2      | Reached XP level 3. HP: 15/20 MP: 4/9
   902 | D:2      | Found a shattered altar of Ashenzari.
  1099 | D:2      | Found a viscous altar of Jiyva.
  1473 | D:2      | Reached skill level 5 in Spellcasting
  1473 | D:2      | Reached XP level 4. HP: 18/25 MP: 13/13
  1757 | D:2      | Noticed Crazy Yiuf
  1773 | D:2      | Killed Crazy Yiuf
  2313 | D:3      | Found a sparkling altar of Nemelex Xobeh.
  2630 | D:3      | Reached XP level 5. HP: 18/29 MP: 16/16
  3338 | D:4      | Reached skill level 5 in Transmutations
  3351 | D:4      | Learned a level 4 spell: Petrify
  3469 | D:4      | Noticed an ogre
  3478 | D:4      | Killed an ogre
  3478 | D:4      | Reached XP level 6. HP: 34/34 MP: 16/18
  3685 | D:4      | Noticed Lightli's ghost (average DESt)
  3913 | D:5      | Entered Level 5 of the Dungeon
  3915 | D:5      | Found a glowing drain.
  4243 | D:5      | Found a staircase to the Ecumenical Temple.
  4505 | Temple   | Entered the Ecumenical Temple
  4532 | Temple   | Became a worshipper of Vehumet
  4841 | D:5      | Found a glowing golden altar of the Shining One.
  4841 | D:5      | Noticed an angel
  5228 | D:6      | Paralysed by a giant eyeball for 4 turns
  5293 | D:6      | Reached XP level 7. HP: 31/38 MP: 15/20
  5502 | D:6      | Reached skill level 5 in Earth Magic
  5510 | D:6      | Found a glowing silver altar of Zin.
  5534 | D:6      | Found Xoteidgh's Food Shoppe.
  6561 | D:6      | Reached skill level 5 in Stabbing
  6887 | D:6      | Reached XP level 8. HP: 43/43 MP: 20/22
  7156 | D:7      | Acquired Vehumet's first power
  7165 | D:7      | Reached skill level 6 in Spellcasting
  7508 | D:7      | Found a shimmering altar of Xom.
  7509 | D:7      | Found a sand-covered staircase.
  7536 | Ossuary  | Entered an ossuary
  8294 | D:7      | Reached skill level 7 in Spellcasting
  8331 | D:7      | Found Quazamik's General Store.
  8352 | D:7      | Bought a +1 orcish leather armour of poison resistance for 124 gold pieces
  8605 | D:7      | Found a white marble altar of Elyvilon.
  8948 | D:8      | Reached skill level 8 in Spellcasting
  8982 | D:8      | Identified a scroll of acquirement
  8983 | D:8      | Got a blackened book
  8984 | D:8      | Identified Sif Muna's Reference Book on Attacks (You acquired it on level 8 of the Dungeon)
  9077 | D:8      | Acquired Vehumet's second power
  9215 | D:7      | Reached skill level 9 in Spellcasting
  9589 | D:8      | Noticed Erolcha
  9591 | D:8      | Slain by Erolcha
